 Seeded DCSS version 0.30.1-4-g462c640d31 (webtiles) character file.

Game seed: 16653573533833982129 (custom seed)

11 Psyclone the Stinger (level 2, 15/17 HPs)
             Began as an Octopode Venom Mage on Sept 18, 2023.
             Quit the game on level 1 of the Dungeon.
             The game lasted 00:01:24 (240 turns).

Psyclone the Stinger (Octopode Venom Mage)           Turns: 240, Time: 00:01:24

Health: 15/17      AC:  1    Str:  7    XL:     2   Next: 29%
Magic:  5/5        EV: 13    Int: 23    God:
Gold:   26         SH:  0    Dex: 12    Spells: 4/5 levels left

rFire   . . .        (no weapon)
rCold   . . .        (no shield)
rNeg    . . .        (helmet restricted)
rPois   .            f - amulet of the acrobat
rElec   .            h - +6 ring of intelligence
rCorr   .            (no ring)
SInv    .            (no ring)
Will    .....        (no ring)
Stlth   +++          (no ring)
HPRegen 0.22/turn    (no ring)
MPRegen 0.09/turn    (no ring)
                     (no ring)

%: acrobat
@: no status effects
A: almost no armour, amphibious, 8 rings, camouflage 1, gelatinous body 1,
(nimble swimmer 1), tentacles
a: no special abilities


You were on level 1 of the Dungeon.
You visited 1 branch of the dungeon, and saw 1 of its levels.

You collected 26 gold pieces.

Inventory:

Hand Weapons
 e - a +0 dagger
Jewellery
 f - an amulet of the acrobat (around mantle)
 h - a +6 ring of intelligence (left tentacle)
Scrolls
 b - a scroll of butterflies {unknown}
 g - 2 scrolls of identify {unknown}
 i - a scroll of acquirement
Potions
 a - a potion of magic
 c - a potion of ambrosia {unknown}
 d - a potion of attraction {unknown}


   Skills:
 - Level 2.0 Dodging
 - Level 2.6 Stealth
 - Level 2.0 Spellcasting
 - Level 1.0 Transmutations
 + Level 4.5 Poison Magic


You had 4 spell levels left.
You knew the following spells:

 Your Spells              Type           Power      Damage    Failure   Level
a - Sting                 Tmut/Pois      56%        1d5       4%          1

Your spell library contained the following spells:

 Spells                   Type           Power      Damage    Failure   Level
 Poisonous Vapours        Pois/Air       24%        N/A       8%          2
 Mephitic Cloud           Conj/Pois/Air  9%         N/A       21%         3
 Olgreb's Toxic Radiance  Pois           23%        N/A       21%         4


Dungeon Overview and Level Annotations

Branches:
Dungeon (1/15) Zot: 5761

Altars:


Innate Abilities, Weirdness & Mutations

You cannot wear most types of armour.
You are amphibious.
You can wear up to eight rings at the same time.
Your skin changes colour to match your surroundings (Stealth+).
Your rubbery body absorbs attacks. (AC +1, EV +1)
((You are camouflaged when in or above water. (Stealth+)))
You have tentacles for arms and can constrict up to eight enemies at once.


Message History

You have reached level 2!
You regained 6 hp, and now have 15/17 hp.
MP restored: 5 You hit the jackal but do no damage.
You grab the jackal.
You constrict the jackal, but do no damage.
The jackal bites you.
You take 1 damage, and have 14/17 hp.
You hit the jackal but do no damage. You constrict the jackal.
The jackal bites you. The jackal misses you.
You take 2 damage, and have 12/17 hp.
You hit the jackal but do no damage.
The jackal is moderately wounded.
You constrict the jackal. The jackal barely misses you.
You hit the jackal.
You kill the jackal!
You hit the jackal but do no damage. Your grab misses the jackal.
The jackal bites you.
The jackal bites you but does no damage.
You take 2 damage, and have 11/17 hp.
You hit the jackal. You grab the jackal. You squeeze the jackal.
You kill the jackal!
You barely miss the endoplasm. You squeeze the endoplasm.
The endoplasm is moderately wounded.
The endoplasm hits you but does no damage.
You hit the endoplasm.
The endoplasm is heavily wounded.
The endoplasm misses you.
You hit the endoplasm.
You kill the endoplasm!
You see here a jackal corpse.
You see here a jackal corpse.
Found a scroll labelled PISE GEWUXO.
Found a scroll labelled MENONA FYMA.
i - a scroll labelled MENONA FYMA This is a scroll of acquirement!
Assign waypoint to what number? (0-9)
Okay, then.
You are now empty-tentacled.
Unknown command.
Are you sure you want to abandon this character and quit the game? (Confirm with "yes".)

###########
#.....@...#
#.#######.#
........^#
.#######.#######
#......?#
#.#####.# #.#
#†# #. #.#


There were no monsters in sight!

Vanquished Creatures
  An endoplasm (D:1)
  A hobgoblin (D:1)
  3 jackals (D:1)
  2 ball pythons (D:1)
  A bat (D:1)
  2 goblins (D:1)
  A kobold (D:1)
  A rat (D:1)
12 creatures vanquished.

Notes
Turn   | Place    | Note
-------+----------+-------------------------------------------
     0 | D:1      | Psyclone the Octopode Venom Mage began the quest for the
                  | Orb.
     0 | D:1      | Reached XP level 1. HP: 11/11 MP: 3/3
    84 | D:1      | Reached skill level 4 in Poison Magic
   215 | D:1      | Reached XP level 2. HP: 15/17 MP: 5/5
   239 | D:1      | Identified a scroll of acquirement
   240 | D:1      | Quit the game

Illustrated notes

Levels and vault maps discovered:
D:1:      dpeg_arrival_tiny_k, layout_loops_ring, minmay_hexomino_c4

Skill      XL: |  1 |
---------------+----+-----
Poison Magic   | 4 |  4.5
Dodging        | |  2.0
Stealth        | |  2.6
Spellcasting   | |  2.0
Transmutations | |  1.0

Action                     || total
---------------------------++-------
  Melee: Dagger            ||    18
         Tentacles         ||     6
         Constrict         ||     5
         Unarmed           ||     2
   Cast: Sting             ||     6
   Stab: Sleeping          ||     1
 Armour: Skin              ||     2
  Dodge: Dodged            ||    18
